 Dungeon Crawl Stone Soup version 0.25-a0-265-g7af84ae0ac (webtiles) character file.

Game seed: 11810754607930612212, levelgen mode: deterministic

326 Redear the Shield-Bearer (level 6, 0/43 HPs)
             Began as an Octopode Fighter on Dec 8, 2019.
             Killed from afar by an orc wizard (7 damage)
             ... with a magic dart
             ... on level 4 of the Dungeon.
             The game lasted 00:03:52 (1691 turns).

Redear the Shield-Bearer (Octopode Fighter)         Turns: 1691, Time: 00:03:52

Health: 0/43       AC:  1    Str: 16    XL:     6   Next: 49%
Magic:  6/6        EV: 13    Int: 10    God:
Gold:   172        SH:  9    Dex: 13    Spells: 5/5 levels left

rFire    . . .     SeeInvis .   a - +0 long sword
rCold    . . .     Gourm    .   b - +0 shield
rNeg     . . .     Faith    .   (helmet restricted)
rPois    .         Spirit   .   o - amulet of the acrobat
rElec    .         Reflect  .   (no ring)
rCorr    .         Harm     .   (no ring)
MR       .....                  (no ring)
Stlth    +++.......             (no ring)
HPRegen  0.14/turn              (no ring)
MPRegen  0.10/turn              (no ring)
                                (no ring)
                                (no ring)

@: no status effects
A: almost no armour, stealthy swim, amphibious, 8 rings, constrict 8, camouflage
1, gelatinous body 1
a: no special abilities


You were on level 4 of the Dungeon.
You were not hungry.

You visited 1 branch of the dungeon, and saw 4 of its levels.

You collected 172 gold pieces.

Inventory:

Hand Weapons
 a - a +0 long sword (weapon)
 v - a +0 mace of venom
 w - a +1 mace of holy wrath
 x - a +3 quarterstaff of chaos
 A - a +0 whip
Missiles
 p - 35 poisoned darts (quivered)
 t - 8 curare-tipped darts
Armour
 b - a +0 shield (worn)
Jewellery
 o - an amulet of the acrobat (around mantle)
 y - an uncursed amulet of guardian spirit {Spirit}
Scrolls
 d - a scroll of teleportation {unknown}
 g - a scroll of identify {unknown}
 h - 2 scrolls of fog {unknown}
 i - a scroll of immolation {unknown}
 j - 2 scrolls of remove curse {unknown}
 l - a scroll of enchant weapon {unknown}
 m - a scroll of amnesia {unknown}
 r - a scroll of enchant armour {unknown}
Potions
 c - 2 potions of might {Str+5 DMG+1d10 | @q3}
 e - a potion of resistance {unknown}
 f - 4 potions of invisibility {unknown}
 k - 2 potions of haste {unknown}
 n - 2 potions of heal wounds {unknown}
 q - 3 potions of curing {unknown}
 s - a potion of flight {unknown}
Comestibles
 u - a chunk of flesh
 z - 6 rations


   Skills:
 + Level 4.1 Fighting
 - Level 3.2 Long Blades
 + Level 4.1 Dodging
 + Level 3.8 Stealth
 + Level 4.2 Shields


You had 5 spell levels left.
You didn't know any spells.
Your spell library was empty.

Dungeon Overview and Level Annotations

Branches:
Dungeon (4/15)
 Temple: D:4-7

Altars:
Ru


Innate Abilities, Weirdness & Mutations

You cannot wear most types of armour.
You are very stealthy in the water. (Stealth+)
You are amphibious.
You can wear up to eight rings at the same time.
You can use your tentacles to constrict eight enemies at once.
Your skin changes colour to match your surroundings (Stealth+).
Your rubbery body absorbs attacks. (AC +1, EV +1)


Message History

The ogre barely misses you.
You riposte.
You slash the ogre!
You kill the ogre!
Your Dodging skill increases to level 4!
The orc wizard points at you and mumbles some strange words.
The puff of frost hits you!
You take 7 damage, and have 17/43 hp.
The orc wizard begins to cast a cantrip, but forgets the words!
Something closely misses you. You block the orc wizard's attack.
Your shield prevents you from hitting the orc wizard.
Your grab misses the orc wizard. Something hits you.
The orc wizard points at you and mumbles some strange words.
The puff of flame hits you!
* * * LOW HITPOINT WARNING * * *
Something completely misses you.
You take 10 damage, and have 7/43 hp.
MASSIVE DAMAGE!!
You barely miss the orc wizard. You grab the orc wizard.
You constrict the orc wizard.
The orc wizard gestures at you while chanting.
The magic dart hits you!
You die...

###### #....# ##...#####
##...o..# #########
##.@##.# #........
##o##.# #........ #.o#o#
#........
##...#####........
#.########....#.....)...
#.......##....#.........
#######<###.....###.####
#.....#.....#..####.####
#....#...............


You could see an orc wizard and 2 orcs.

Vanquished Creatures
  An ogre (D:4)
  A big kobold (D:2)
  A howler monkey (D:3)
  Crazy Yiuf (D:3)
  3 adders
  2 oozes
  2 dart slugs
  3 leopard geckos
  2 orcs (D:3)
  5 giant cockroaches
  5 goblins
  9 hobgoblins
  4 jackals (D:1)
  4 kobolds
  2 quokkas (D:3)
  2 ball pythons (D:3)
  5 bats
  3 frilled lizards
  4 rats
59 creatures vanquished.

Notes
Turn   | Place    | Note
-------+----------+-------------------------------------------
     0 | D:1      | Redear the Octopode Fighter began the quest for the Orb.
     0 | D:1      | Reached XP level 1. HP: 16/16 MP: 1/1
   130 | D:1      | Reached XP level 2. HP: 20/21 MP: 2/2
   133 | D:1      | Reached skill level 1 in Stealth
   247 | D:1      | You fall into a shaft and drop 1 floor!
   272 | D:2      | Reached XP level 3. HP: 20/26 MP: 3/3
   334 | D:2      | Noticed a big kobold
   441 | D:2      | Killed a big kobold
   441 | D:2      | Reached skill level 2 in Stealth
   441 | D:2      | Reached XP level 4. HP: 17/32 MP: 4/4
   441 | D:2      | Reached XP level 5. HP: 19/36 MP: 5/5
   462 | D:2      | Found a sacrificial altar of Ru.
   832 | D:3      | Reached skill level 3 in Long Blades
   832 | D:3      | Reached skill level 3 in Stealth
   900 | D:3      | Found a runed translucent door.
   901 | D:3      | Noticed Crazy Yiuf
  1471 | D:3      | Killed Crazy Yiuf
  1471 | D:3      | Reached skill level 4 in Shields
  1471 | D:3      | Reached XP level 6. HP: 38/43 MP: 6/6
  1552 | D:4      | Reached skill level 4 in Fighting
  1685 | D:4      | Reached skill level 4 in Dodging
  1691 | D:4      | Killed from afar by an orc wizard

Levels and vault maps discovered:
D:1:      wheals_arrival_shading, layout_basic
D:2:      layout_rooms, lemuel_crystal_altar
D:3:      layout_rooms, nicolae_overflow_hidden_temple, minmay_pentomino_pile,
          uniq_crazy_yiuf_cottage
D:4:      layout_rooms, led_xom_imps, old_standard_altar, uniq_sigmund

Skill      XL: |  1  2  3  4  5  6 |
---------------+-------------------+-----
Stealth        | 1 2 3 |  3.8
Long Blades    | 3 |  3.2
Shields        | 4 |  4.2
Fighting       | 4 |  4.1
Dodging        | 4 |  4.1

Action                   |  1- 3 |  4- 6 || total
-------------------------+-------+-------++-------
Melee: Long sword        |    48 |    58 ||   106
       Constrict         |    16 |    15 ||    31
       Tentacles         |    11 |     8 ||    19
 Stab: Sleeping          |     3 |    12 ||    15
  Eat: Chunk             |       |     3 ||     3
Armor: Skin              |     1 |     6 ||     7
Dodge: Dodged            |    23 |    30 ||    53
Block: Shield            |    20 |    16 ||    36
       Rpst.: Long sword |     7 |    13 ||    20

Table legend:
 A = Non-vault XP
 B = Vault XP
 C = Vault XP percentage of total XP
 D = Non-vault monster count
 E = Vault monster count
 F = Vault count percentage of total count
                 A         B        C        D         E       F
            +---------+---------+-------+---------+---------+-------
      Total |     411 |      56 |  12.0 |      52 |       7 |  11.9
            +---------+---------+-------+---------+---------+-------
        D:1 |      21 |       0 |   0.0 |      10 |       0 |   0.0
        D:2 |     161 |       0 |   0.0 |      23 |       0 |   0.0
        D:3 |     101 |      56 |  35.7 |      17 |       7 |  29.2
        D:4 |     128 |       0 |   0.0 |       2 |       0 |   0.0
            +---------+---------+-------+---------+---------+-------
